 Dungeon Crawl Stone Soup version 0.20.1-1-g8b1a95d (webtiles) character file.

44 Ymberti the Firebug (level 3, -9/19 HPs)
             Began as a Deep Elf Fire Elementalist on Sept 15, 2017.
             Mangled by Chisa's ghost (11 damage)
             ... on level 3 of the Dungeon.
             The game lasted 00:08:51 (1424 turns).

Ymberti the Firebug (Deep Elf Fire Elementalist)    Turns: 1424, Time: 00:08:52

Health: -9/19      AC:  5    Str:  8 (9)  XL:     3   Next: 41%
Magic:  5/10       EV: 13    Int: 19 (20) God:
Gold:   137        SH:  0    Dex: 13 (15) Spells: 6/9 levels left

rFire    . . .     SeeInvis .   d - +1 dagger
rCold    + . .     Gourm    .   (no shield)
rNeg     . . .     Faith    .   a - +0 robe
rPois    .         Spirit   .   (no helmet)
rElec    .         Reflect  .   (no cloak)
rCorr    .         Harm     .   g - +0 pair of gloves
MR       .....                  (no boots)
Stlth    ++........             (no amulet)
Regen    0.1/turn               (no ring)
MPRegen  0.2/turn               (no ring)

@: no status effects
A: iridescent scales 1, cold resistance 1, strong 2
a: no special abilities


You were on level 3 of the Dungeon.
You were not hungry.

You visited 1 branch of the dungeon, and saw 3 of its levels.

You collected 137 gold pieces.

Inventory:

Hand Weapons
 d - a +1 dagger (weapon)
Armour
 a - a +0 robe (worn)
 g - a +0 pair of gloves (worn)
Scrolls
 c - a scroll of enchant weapon
 e - 2 scrolls of teleportation
 h - a scroll of remove curse
Potions
 f - a potion of degeneration
Books
 b - a book of Flames

   Spells                             Type                      Level
   a - Flame Tongue                   Conjuration/Fire             1
   b - Throw Flame                    Conjuration/Fire             2
   c - Conjure Flame                  Conjuration/Fire             3
   d - Inner Flame                    Hexes/Fire                   3
   e - Sticky Flame                   Conjuration/Fire             4
   f - Fireball                       Conjuration/Fire             5


   Skills:
 + Level 2.8 Dodging
 + Level 2.6 Stealth
 + Level 0.1 Unarmed Combat
 + Level 3.9 Spellcasting
 + Level 1.3 Conjurations
 + Level 4.0 Fire Magic


You had 6 spell levels left.
You knew the following spells:

 Your Spells              Type           Power        Failure   Level  Hunger
a - Flame Tongue          Conj/Fire      ##...        4%          1    None
b - Throw Flame           Conj/Fire      ##....       7%          2    ##.....


Dungeon Overview and Level Annotations

Branches:
Dungeon (3/15)

Altars:
Hepliaklqana

Annotations:
D:3 Chisa's ghost, amateur HOAK


Innate Abilities, Weirdness & Mutations

You are partially covered in iridescent scales. (AC +2)
Your flesh is cold resistant. (rC+)
Your muscles are very strong. (Str +4)


Message History

Casting: Flame Tongue
Confirm with . or Enter, or press ? or * to list all spells.
Aiming: Flame Tongue
Press: ? - help, Shift-Dir - straight line, f/p - hobgoblin
Aim: a hobgoblin, wielding a club (almost dead)
The flame tongue hits the hobgoblin.
You kill the hobgoblin!
Your Fire Magic skill increases to level 4!
You see here a club.
Chisa's ghost opens the door.
Chisa's ghost barely misses you. Chisa's ghost misses you.
Chisa's ghost hits you.
* * * LOW HITPOINT WARNING * * *
Chisa's ghost barely misses you. Chisa's ghost barely misses you.
Chisa's ghost barely misses you. Chisa's ghost hits you!
Ouch! That really hurt!
You die...

# ##.# .
...##
#.##...##
#.#.....##
#........##
###.........#
............+
#....)....#
##..W@...##
##..<..##
##...## ##'##
#.# #.# #.#
...


You could see Chisa's ghost.

Vanquished Creatures
  2 worms (D:2)
  2 dart slugs (D:1)
  A leopard gecko (D:2)
  A giant cockroach (D:1)
  8 hobgoblins
  4 kobolds
  5 bats
  A frilled lizard (D:1)
  3 goblins
  5 rats
  A toadstool (D:1)
33 creatures vanquished.

Vanquished Creatures (others)
  3 toadstools (D:1)
3 creatures vanquished.

Grand Total: 36 creatures vanquished

Notes
Turn   | Place    | Note
-------+----------+-------------------------------------------
     0 | D:1      | Ymberti the Deep Elf Fire Elementalist began the quest for the Orb.
     0 | D:1      | Reached XP level 1. HP: 10/10 MP: 6/6
    51 | D:1      | Learned a level 1 spell: Flame Tongue
    64 | D:1      | Gained mutation: Your muscles are strong. (Str +2) [potion of mutation]
    64 | D:1      | Gained mutation: Your muscles are very strong. (Str +4) [potion of mutation]
    64 | D:1      | Gained mutation: Your flesh is cold resistant. (rC+) [potion of mutation]
    64 | D:1      | Gained mutation: You are partially covered in iridescent scales. (AC +2) [potion of mutation]
   296 | D:1      | Reached XP level 2. HP: 7/15 MP: 6/8
   829 | D:2      | Reached XP level 3. HP: 19/19 MP: 7/10
   833 | D:2      | Learned a level 2 spell: Throw Flame
   938 | D:2      | Found a hazy altar of Hepliaklqana.
  1395 | D:3      | Reached skill level 4 in Fire Magic
  1410 | D:3      | Noticed Chisa's ghost (amateur HOAK)
  1424 | D:3      | Mangled by Chisa's ghost

Skill      XL: |  1  2  3 |
---------------+----------+-----
Fire Magic     | 4 |  4.0
Dodging        | |  2.8
Stealth        | |  2.6
Unarmed Combat | |  0.1
Spellcasting   | |  3.9
Conjurations   | |  1.3

Action                   || total
-------------------------++-------
Melee: Unarmed           ||    17
       Dagger            ||    26
 Cast: Flame Tongue      ||    52
       Throw Flame       ||     2
  Use: Scroll            ||     7
       Potion            ||     4
 Stab: Sleeping          ||     3
  Eat: Bread ration      ||     1
Armor: Robe              ||    15
Dodge: Dodged            ||    60
